 Dungeon Crawl Stone Soup version 0.30-a0-358-g0d69a1922f (webtiles) character file.

Game seed: 16692312500950049821

29 drewk1942 the Firebug (level 3, -4/26 HPs)
             Began as a Draconian Fire Elementalist on Nov 9, 2022.
             Was a Believer of Lugonu.
             Slain by a worm (9 damage)
             ... on level 2 of the Dungeon.
             The game lasted 00:03:38 (1819 turns).

drewk1942 the Firebug (Draconian Fire Elementalist) Turns: 1819, Time: 00:03:38

Health: -4/26      AC:  5    Str: 10    XL:     3   Next: 1%
Magic:  0/6        EV: 12    Int: 17    God:    Lugonu [**....]
Gold:   57         SH:  0    Dex: 11    Spells: 5/6 levels left

rFire   . . .      SeeInvis .    f - +0 club
rCold   . . .      Faith    .    (no shield)
rNeg    . . .      Spirit   .    (body armour unavailable)
rPois   .          Reflect  .    (helmet restricted)
rElec   .          Harm     .    (no cloak)
rCorr   .          Rampage  .    (no gloves)
Will    +....                    (no boots)
Stlth   ++........               (no amulet)
HPRegen 0.24/turn                k - ring of willpower
MPRegen 0.10/turn                (no ring)

@: very slightly contaminated
A: AC +5, unfitting armour, cold-blooded
a: Renounce Religion, Depart the Abyss, Banish


You were on level 2 of the Dungeon.
You worshipped Lugonu.
Lugonu was pleased with you.
You visited 1 branch of the dungeon, and saw 2 of its levels.

You collected 57 gold pieces.

Inventory:

Hand Weapons
 f - a +0 club (weapon)
Armour
 d - a +2 robe of fire resistance
Jewellery
 k - a ring of willpower (left hand)
Scrolls
 e - 3 scrolls of vulnerability {unknown}
 g - a scroll of silence {unknown}
 i - a scroll of magic mapping {unknown}
 j - 2 scrolls of teleportation {unknown}
 m - 2 scrolls of blinking {unknown}
 o - a scroll of fear {unknown}
 q - a scroll of brand weapon {unknown}
 s - a scroll of enchant weapon {unknown}
 t - a scroll of identify {unknown}
Potions
 a - a potion of magic
 b - a potion of berserk rage {unknown}
 c - a potion of resistance {unknown}
 h - a potion of might {unknown}
 l - 2 potions of haste {unknown}
 n - a potion of brilliance {unknown}
 p - a potion of lignification {unknown}
 r - a potion of flight {unknown}


   Skills:
 + Level 2.0 Dodging
 + Level 2.2 Stealth
 + Level 2.2 Spellcasting
 + Level 1.3 Conjurations
 * Level 3.4 Fire Magic


You had 5 spell levels left.
You knew the following spells:

 Your Spells              Type           Power      Damage    Failure   Level
a - Foxfire               Conj/Fire      40%        2x1d6     7%          1

Your spell library contained the following spells:

 Spells                   Type           Power      Damage    Failure   Level
 Scorch                   Fire           26%        2d6       7%          2
 Inner Flame              Hex/Fire       7%         N/A       28%         3
 Kindle Blastsparks       Fire/Tloc/Air  10%        2d10      34%         3
 Flame Wave               Conj/Fire      10%        2d6       56%         4


Dungeon Overview and Level Annotations

Branches:
Dungeon (2/15)

Altars:
Lugonu


Innate Abilities, Weirdness & Mutations

Your plain brown scales are hard. (AC +5)
You cannot fit into any form of body armour.
You are cold-blooded and may be slowed by cold attacks.


Message History

The worm is lightly wounded.
The foxfire hits the worm.
The worm is moderately wounded.
The foxfire hits the worm.
The worm is moderately wounded.
The worm bites you!
You are too injured to fight recklessly!
Casting: Foxfire (safe; 7% risk of failure)
Confirm with . or Enter, or press ? or * to list all spells.
You conjure some foxfire!
Unknown command.
You are too injured to fight recklessly!
You barely miss the worm.
The worm is moderately wounded.
The foxfire hits the worm.
The worm is moderately wounded.
The foxfire hits the worm.
The worm is heavily wounded.
The worm bites you but does no damage.
Casting: Foxfire (safe; 7% risk of failure)
Confirm with . or Enter, or press ? or * to list all spells.
You conjure some foxfire!
The worm misses you.
You hit the worm but do no damage. You tail-slap the worm.
The worm is heavily wounded.
The foxfire hits the worm.
The worm is severely wounded.
The foxfire hits the worm.
The worm is severely wounded.
You hit the worm.
The worm is almost dead.
The worm bites you!
* * * LOW HITPOINT WARNING * * *
You barely miss the worm.
The worm is almost dead.
The worm bites you.
* * * LOW HITPOINT WARNING * * *
You hit the worm.
The worm is almost dead.
The worm bites you!
You die...

#.# #..P≈≈≈≈~... #.#
#..~~≈≈~P.~. #.#
#..~.~≈≈≈~.. #.#
#....~~~≈r~~ #.#
#.....~≈≈≈r~ #.#
#......~P≈≈≈
#####w#####.##...~~~~≈
#....@...........P..≈~
#.############.....~~.
#.# #.###..P. #.# #.#
##..~ #.# ### #.# ##..
#.# ##.#####.# #.# #.#
#........# #.. #.#
##.####### ### ##.#
#.#


You could see a worm.

Vanquished Creatures
  A dart slug (D:1)
  5 endoplasms
  5 goblins
  3 hobgoblins (D:1)
  2 quokkas (D:2)
  2 ball pythons
  A bat (D:2)
  A kobold (D:1)
  4 rats
24 creatures vanquished.

Vanquished Creatures (others)
  87 foxfires
  A plant (D:2)
88 creatures vanquished.

Grand Total: 112 creatures vanquished

Notes
Turn   | Place    | Note
-------+----------+-------------------------------------------
     0 | D:1      | drewk1942 the Draconian Fire Elementalist began the quest
                  | for the Orb.
     0 | D:1      | Reached XP level 1. HP: 14/14 MP: 3/3
   320 | D:1      | Reached XP level 2. HP: 14/20 MP: 1/5
  1048 | D:1      | Found a faded altar of an unknown god.
  1071 | D:1      | Prayed at the altar of an unknown god.
  1071 | D:1      | Became a worshipper of Lugonu the Unformed
  1071 | D:1      | Reached * piety under Lugonu
  1071 | D:1      | Reached ** piety under Lugonu
  1808 | D:2      | Reached XP level 3. HP: 20/26 MP: 4/6
  1819 | D:2      | Slain by a worm

Illustrated notes

Levels and vault maps discovered:
D:1:      nzn_arrival_settlement, layout_basic,
          shapermc_ecumenical_altar_ellora, hex_intersection
D:2:      layout_loops_ring, chequers_big_river, minmay_small_reverse_x

Skill      XL: |  1  2 |
---------------+-------+-----
Stealth        | 2 |  2.2
Dodging        | 2 |  2.0
Spellcasting   | |  2.2
Conjurations   | |  1.3
Fire Magic     | |  3.4

Action                   || total
-------------------------++-------
Melee: Unarmed           ||     6
       Club              ||    34
       Tailslap          ||     5
 Cast: Foxfire           ||    49
 Stab: Sleeping          ||     2
Armor: Skin              ||    13
Dodge: Dodged            ||    30

Table legend: (Time is in decaauts)
 A = Elapsed time spent in this place.
 B = Non-inter-level travel time spent in this place.
 C = Inter-level travel time spent in this place.
 D = Time resting spent in this place.
 E = Time spent auto-exploring this place.
 F = Levels seen in this place.
 G = Mean time per level.
                   A        B        C        D        E       F      G
               +--------+--------+--------+--------+--------+-----+--------+
         Total |   1829 |   1802 |     27 |      0 |   1561 |   2 |  914.5 |
       Dungeon |   1829 |   1802 |     27 |      0 |   1561 |   2 |  914.5 |
               +--------+--------+--------+--------+--------+-----+--------+

Top non-repeatable levels by time:
     D:1: 1259 daAuts
     D:2: 569 daAuts
